cohdb
Replays
Latest Replays
All Replays
Popular Replays
Top Player Replays
Match Explorer
How It Works
Community
CoH3 Stats
Reddit
Sign in to upload your games and track your stats! →
Sign in with Steam
Match 43767357
Unlisted
Match 43767357
Overview
Messages
Build Orders
End
Construct Infanterie Kompanie
Kettenkrad Recon Vehicle
Selects Terror Battlegroup
MG 42 Machine Gun Team
Selects Machine Gun Camouflage
MG 42 Machine Gun Team
Medical Station
GrW 34 Mortar Team
Selects Contempt for the Weak
Construct Panzergrenadier Kompanie
Panzergrenadier Squad
Panzergrenadier Squad
Support Elements
Panzergrenadier Officer Quarters
Pak 40 Anti-tank Gun Team
Nebelwerfer 42 Rocket Launcher Team
Construct Panzer Kompanie
Selects Propaganda Leaflet Drop
Propaganda Leaflet Drop
Stoßtruppen Squad
Pak 40 Anti-tank Gun Team
TamponFIN
wille526
tosh
Jarkke
Moisuke
J.
Natte Tosti
Apocalips
0
0
Comments
sign in to comment!
No comments posted yet!